Workbook
Name METODO: 'Lote 1'!$L$10:$O$10

Sheet Precios Techo Lote 1
B2: República de Colombia
B3: Instituto Colombiano de Antropología e Historia
B5: PRESUPUESTO - LOTE 1
B6: Adquirir la renovación de licencias, bienes e insumos tecnológicos requeridos para la administración, operación, mantenimiento, seguridad (firewall y antivirus), análisis de vulnerabilidades, soporte, optimización y fortalecimiento de la infraestructura tecnológica del Instituto Colombiano de Antropología e Historia – ICANH.
B9: Ítem | C9: Descripción (De acuerdo con lo requerido en la ficha técnica) | E9: Unidad | F9: Cantidad | G9: Precio Techo
G10: Valor unitario Incluye Impuestos | H10: Valor Total Incluye Impuestos
B11: 1 | C11: Central Intercept X Advanced with XDR - 12 MOS - RENEWAL - GOV | D11: Valor unitario por licencia de 12 meses | E11: Unidad | F11: 230 | G11: ='Lote 1'!O11 -> 267800 | H11: =G11*F11 -> 61594000
B12: 2 | C12: Central Intercept X Advanced for Server with XDR - SERVERS - 12 MOS - RENEWAL - GOV | D12: Valor unitario por licencia de 12 meses | E12: Unidad | F12: 5 | G12: ='Lote 1'!O12 -> 590700 | H12: =G12*F12 -> 2953500
B13: 3 | C13: XGS4300 Email Protection - 12 MOS - RENEWAL (SKU: XM4C1CTAA) | D13: Valor unitario por licencia de 12 meses | E13: Unidad | F13: 1 | G13: ='Lote 1'!O13 -> 9868100 | H13: =G13*F13 -> 9868100
B14: 4 | C14: XGS4300 Webserver Protection - 12 MOS - RENEWAL (SKU: XS4C1CTAA) | D14: Valor unitario por licencia de 12 meses | E14: Unidad | F14: 1 | G14: ='Lote 1'!O14 -> 9864400 | H14: =G14*F14 -> 9864400
B15: 5 | C15: Xstream Protection for XGS4300 - 12 MOS - RENEWAL (SKU: XF4C1CTES) | D15: Valor unitario por licencia de 12 meses | E15: Unidad | F15: 1 | G15: ='Lote 1'!O15 -> 60482200 | H15: =G15*F15 -> 60482200
B16: 6 | C16: Nessus Professional – On Premise – Annual Subscription | D16: Valor unitario por licencia de 12 meses | E16: Unidad | F16: 1 | G16: ='Lote 1'!O16 -> 40298900 | H16: =G16*F16 -> 40298900
B17: 7 | C17: Advanced Support for a Nessus Professional License | D17: Valor por Hora | E17: Hora | F17: 12 | G17: ='Lote 1'!O17 -> 444100 | H17: =G17*F17 -> 5329200
B18: Total Presupuesto Lote 1 | H18: =SUM(H11:H17) -> 190390300

Sheet Precios Techo Lote 2
B2: República de Colombia
B3: Instituto Colombiano de Antropología e Historia
B5: PRESUPUESTO - LOTE 2
B6: Adquirir la renovación de licencias, bienes e insumos tecnológicos requeridos para la administración, operación, mantenimiento, seguridad (firewall y antivirus), análisis de vulnerabilidades, soporte, optimización y fortalecimiento de la infraestructura tecnológica del Instituto Colombiano de Antropología e Historia – ICANH.
B9: Ítem | C9: Descripción (De acuerdo con lo requerido en la ficha técnica) | E9: Unidad | F9: Cantidad | G9: Precio Techo
G10: Valor unitario Incluye Impuestos | H10: Valor Total Incluye Impuestos
B11: 1 | C11: Probador de Red compatible con Blindaje (LAN Tester) | D11: Herramienta de Diagnóstico y Medición | E11: Unidad | F11: 1 | G11: ='Lote 2'!R11 -> 76800 | H11: =G11*F11 -> 76800
B12: 2 | C12: Conector macho de red Plug RJ45 UTP categoría 6A/7 blindado | D12: Insumo Consumible de redes | E12: Unidad | F12: 80 | G12: ='Lote 2'!R12 -> 7200 | H12: =G12*F12 -> 576000
B13: 3 | C13: Jack (conector hembra) RJ45 categoría 6A/7 blindado | D13: Insumo Consumible de redes | E13: Unidad | F13: 40 | G13: ='Lote 2'!R13 -> 31500 | H13: =G13*F13 -> 1260000
B14: 4 | C14: Botas para Conector RJ45 UTP, capuchón, paquete x 100 | D14: Insumo Consumible de redes | E14: Paquete | F14: 1 | G14: ='Lote 2'!R14 -> 19500 | H14: =G14*F14 -> 19500
B15: 5 | C15: Ponchadora o Crimpadora de precisión para cable de red UTP RJ45 (Cat. 6A/7) blindado. Compatible con conectores de diámetro grueso y con cavidad para cerrar el clip de puesta a tierra (grounding clamp) que abraza el cable. | D15: Insumo Consumible de redes | E15: Unidad | F15: 1 | G15: ='Lote 2'!R15 -> 404600 | H15: =G15*F15 -> 404600
B16: 6 | C16: Kit de Herramientas para Electrónica (destornilladores de precisión, destornilladores relojeros, pinzas, alicates, llaves) | D16: Herramienta de Ensamblaje y Reparación | E16: Juego | F16: 1 | G16: ='Lote 2'!R16 -> 219400 | H16: =G16*F16 -> 219400
B17: 7 | C17: Juego de llaves Allen y Torx | D17: Herramienta de Ensamblaje y Reparación | E17: Juego | F17: 1 | G17: ='Lote 2'!R17 -> 75800 | H17: =G17*F17 -> 75800
B18: 8 | C18: Bayetilla de microfibra | D18: Insumo Consumible de Limpieza | E18: Unidad | F18: 51 | G18: ='Lote 2'!R18 -> 7900 | H18: =G18*F18 -> 402900
B19: 9 | C19: Pasta térmica de alta calidad PTM7950, 80x80 | D19: Insumo Consumible de Mantenimiento | E19: Unidad | F19: 5 | G19: ='Lote 2'!R19 -> 81400 | H19: =G19*F19 -> 407000
B20: 10 | C20: Pasta Térmica de Alto Rendimiento Arctic MX-7 4g para CPUs, GPUs, consolas, procesadores, tarjetas gráficas y notebooks. Alta conductividad, larga duración | D20: Insumo Consumible de Mantenimiento | E20: Unidad | F20: 20 | G20: ='Lote 2'!R20 -> 45700 | H20: =G20*F20 -> 914000
B21: 11 | C21: Lubricantes para rodillos de impresora | D21: Insumo Consumible de Mantenimiento | E21: Unidad | F21: 2 | G21: ='Lote 2'!R21 -> 24600 | H21: =G21*F21 -> 49200
B22: 12 | C22: Silicona 300ml. Para vinilo, caucho y plástico. Con alto brillo. Con filtro solar | D22: Insumo Consumible de Reparación | E22: Unidad | F22: 15 | G22: ='Lote 2'!R22 -> 34400 | H22: =G22*F22 -> 516000
... B54: 44 | C54: Regulador de Voltaje 1200 VA | D54: Energía | E54: Unidad | F54: 3 | G54: ='Lote 2'!R54 -> 151700 | H54: =G54*F54 -> 455100
B55: Total Presupuesto Lote 2 | H55: =SUM(H11:H54) -> 89779600

Sheet Lote 1
D2: República de Colombia
D3: Instituto Colombiano de Antropología e Historia
D5: Formato de cotización
B8: Ítem | C8: Descripción (De acuerdo con lo requerido en la ficha técnica) | E8: Unidad | F8: Cantidad | G8: Muestra 1 | H8: Muestra 2 | I8: Muestra 3 | K8: Analisis de Tendencia Central
G9: Cluster de Servicios SAS | H9: DB SYSTEM LTDA. | I9: ACONPIEXPRESS S.A.S. | K9: Coeficiente Variación | L9: Promedio | M9: Mediana | N9: Media Geometrica | O9: Media Armonica
G10: Valor unitario Incluye Impuestos | H10: Valor unitario Incluye Impuestos | I10: Valor unitario Incluye Impuestos | K10: CV | L10: Valor unitario Incluye Impuestos | M10: Valor unitario Incluye Impuestos | N10: Valor unitario Incluye Impuestos | O10: Valor unitario Incluye Impuestos
B11: 1 | C11: Central Intercept X Advanced with XDR - 12 MOS - RENEWAL - GOV | D11: Valor unitario por licencia de 12 meses | E11: Unidad | F11: ='Precios Techo Lote 1'!F11 -> 230 | G11: 264250 | H11: 280000 | I11: 260000 | K11: =STDEVP(G11:I11)/AVERAGE(G11:I11) -> 0.032091262 | L11: =ROUND(AVERAGE(G11:I11),-2) -> 268100 | M11: =ROUND(MEDIAN(G11:I11),-2) -> 264300 | N11: =ROUND(GEOMEAN(G11:I11),-2) -> 267900 | O11: =ROUND(HARMEAN(G11:I11),-2) -> 267800
B12: 2 | C12: Central Intercept X Advanced for Server with XDR - SERVERS - 12 MOS - RENEWAL - GOV | D12: Valor unitario por licencia de 12 meses | E12: Unidad | F12: ='Precios Techo Lote 1'!F12 -> 5 | G12: 555862 | H12: 620000 | I12: 600000 | K12: =STDEVP(G12:I12)/AVERAGE(G12:I12) -> 0.045265684 | L12: =ROUND(AVERAGE(G12:I12),-2) -> 592000 | M12: =ROUND(MEDIAN(G12:I12),-2) -> 600000 | N12: =ROUND(GEOMEAN(G12:I12),-2) -> 591300 | O12: =ROUND(HARMEAN(G12:I12),-2) -> 590700
B13: 3 | C13: XGS4300 Email Protection - 12 MOS - RENEWAL (SKU: XM4C1CTAA) | D13: Valor unitario por licencia de 12 meses | E13: Unidad | F13: ='Precios Techo Lote 1'!F13 -> 1 | G13: 9590805 | H13: 10710000 | I13: 9401000 | K13: =STDEVP(G13:I13)/AVERAGE(G13:I13) -> 0.058335114 | L13: =ROUND(AVERAGE(G13:I13),-2) -> 9900600 | M13: =ROUND(MEDIAN(G13:I13),-2) -> 9590800 | N13: =ROUND(GEOMEAN(G13:I13),-2) -> 9884200 | O13: =ROUND(HARMEAN(G13:I13),-2) -> 9868100
B14: 4 | C14: XGS4300 Webserver Protection - 12 MOS - RENEWAL (SKU: XS4C1CTAA) | D14: Valor unitario por licencia de 12 meses | E14: Unidad | F14: ='Precios Techo Lote 1'!F14 -> 1 | G14: 9828805 | H14: 9828805 | I14: 9936500 | K14: =STDEVP(G14:I14)/AVERAGE(G14:I14) -> 0.0051464203 | L14: =ROUND(AVERAGE(G14:I14),-2) -> 9864700 | M14: =ROUND(MEDIAN(G14:I14),-2) -> 9828800 | N14: =ROUND(GEOMEAN(G14:I14),-2) -> 9864600 | O14: =ROUND(HARMEAN(G14:I14),-2) -> 9864400
B15: 5 | C15: Xstream Protection for XGS4300 - 12 MOS - RENEWAL (SKU: XF4C1CTES) | D15: Valor unitario por licencia de 12 meses | E15: Unidad | F15: ='Precios Techo Lote 1'!F15 -> 1 | G15: 63918619 | H15: 58310000 | I15: 59500000 | K15: =STDEVP(G15:I15)/AVERAGE(G15:I15) -> 0.039831758 | L15: =ROUND(AVERAGE(G15:I15),-2) -> 60576200 | M15: =ROUND(MEDIAN(G15:I15),-2) -> 59500000 | N15: =ROUND(GEOMEAN(G15:I15),-2) -> 60528900 | O15: =ROUND(HARMEAN(G15:I15),-2) -> 60482200
B16: 6 | C16: Nessus Professional – On Premise – Annual Subscription | D16: Valor unitario por licencia de 12 meses | E16: Unidad | F16: ='Precios Techo Lote 1'!F16 -> 1 | G16: 34956250 | H16: 45815000 | I16: 41650000 | K16: =STDEVP(G16:I16)/AVERAGE(G16:I16) -> 0.10961223 | L16: =ROUND(AVERAGE(G16:I16),-2) -> 40807100 | M16: =ROUND(MEDIAN(G16:I16),-2) -> 41650000 | N16: =ROUND(GEOMEAN(G16:I16),-2) -> 40555400 | O16: =ROUND(HARMEAN(G16:I16),-2) -> 40298900
B17: 7 | C17: Advanced Support for a Nessus Professional License | D17: Valor por Hora | E17: Hora | F17: ='Precios Techo Lote 1'!F17 -> 12 | G17: 391585 | H17: 476000 | I17: 476000 | K17: =STDEVP(G17:I17)/AVERAGE(G17:I17) -> 0.088852464 | L17: =ROUND(AVERAGE(G17:I17),-2) -> 447900 | M17: =ROUND(MEDIAN(G17:I17),-2) -> 476000 | N17: =ROUND(GEOMEAN(G17:I17),-2) -> 446000 | O17: =ROUND(HARMEAN(G17:I17),-2) -> 444100
B18: Total | G18: =SUMPRODUCT(G11:G17,$F$11:$F$17) -> 186550309 | H18: =SUMPRODUCT(H11:H17,$F$11:$F$17) -> 197875805 | I18: =SUMPRODUCT(I11:I17,$F$11:$F$17) -> 188999500 | L18: =SUMPRODUCT(L11:L17,$F$11:$F$17) -> 191146400 | M18: =SUMPRODUCT(M11:M17,$F$11:$F$17) -> 190070600 | N18: =SUMPRODUCT(N11:N17,$F$11:$F$17) -> 190758600 | O18: =SUMPRODUCT(O11:O17,$F$11:$F$17) -> 190390300
C21: Metodo | D21: Presupuesto
C22: Promedio | D22: =L18 -> 191146400
C23: Mediana | D23: =M18 -> 190070600
C24: Media Geometrica | D24: =N18 -> 190758600
C25: Media Armonica | D25: =O18 -> 190390300
C28: =D25+'Lote 2'!E62 -> 280169900

Sheet Lote 2
D2: República de Colombia
D3: Instituto Colombiano de Antropología e Historia
D5: Formato de cotización
B8: Ítem | C8: Descripción (De acuerdo con lo requerido en la ficha técnica) | E8: Unidad | F8: Cantidad | G8: Muestra 1 | H8: Muestra 2 | I8: Muestra 3 | J8: Muestra 4 | K8: Muestra 5 | L8: Muestra 6 | N8: Analisis de Tendencia Central
G9: Cluster de Servicios SAS | H9: DB SYSTEM LTDA. | I9: ACONPIEXPRESS S.A.S. | J9: Referencia 1 | K9: Referencia 2 | L9: Referencia 3 | N9: Coeficiente Variación | O9: Promedio | P9: Mediana | Q9: Media Geometrica | R9: Media Armonica
G10: Valor unitario Incluye Impuestos | H10: Valor unitario Incluye Impuestos | I10: Valor unitario Incluye Impuestos | J10: Valor unitario Incluye Impuestos | K10: Valor unitario Incluye Impuestos | L10: Valor unitario Incluye Impuestos | N10: CV | O10: Valor unitario Incluye Impuestos | P10: Valor unitario Incluye Impuestos | Q10: Valor unitario Incluye Impuestos | R10: Valor unitario Incluye Impuestos
B11: 1 | C11: Probador de Red compatible con Blindaje (LAN Tester) | D11: Herramienta de Diagnóstico y Medición | E11: Unidad | F11: 1 | G11: 89250 | H11: 85680 | I11: 83300 | J11: =IF(Referencias!D4=0,"",Referencias!D4) -> 89900 | K11: =IF(Referencias!H4=0,"",Referencias!H4) -> 142000 | L11: =IF(Referencias!L4=0,"",Referencias!L4) -> 39900 | N11: =STDEVP(G11:L11)/AVERAGE(G11:L11) -> 0.3352222 | O11: =ROUND(AVERAGE(G11:L11),-2) -> 88300 | P11: =ROUND(MEDIAN(G11:L11),-2) -> 87500 | Q11: =ROUND(GEOMEAN(G11:L11),-2) -> 82900 | R11: =ROUND(HARMEAN(G11:L11),-2) -> 76800
B12: 2 | C12: Conector macho de red Plug RJ45 UTP categoría 6A/7 blindado | D12: Insumo Consumible de redes | E12: Unidad | F12: 80 | G12: 5831 | H12: 5950 | I12: 5950 | J12: =IF(Referencias!D5=0,"",Referencias!D5) -> 5049 | K12: =IF(Referencias!H5=0,"",Referencias!H5) -> 15454 | L12: =IF(Referencias!L5=0,"",Referencias!L5) -> 16561 | N12: =STDEVP(G12:L12)/AVERAGE(G12:L12) -> 0.53452183 | O12: =ROUND(AVERAGE(G12:L12),-2) -> 9100 | P12: =ROUND(MEDIAN(G12:L12),-2) -> 6000 | Q12: =ROUND(GEOMEAN(G12:L12),-2) -> 8000 | R12: =ROUND(HARMEAN(G12:L12),-2) -> 7200
B13: 3 | C13: Jack (conector hembra) RJ45 categoría 6A/7 blindado | D13: Insumo Consumible de redes | E13: Unidad | F13: 40 | G13: 34510 | H13: 29750 | I13: 35700 | J13: =IF(Referencias!D6=0,"",Referencias!D6) -> 25238.4 | K13: =IF(Referencias!H6=0,"",Referencias!H6) -> 26294 | L13: =IF(Referencias!L6=0,"",Referencias!L6) -> 45500 | N13: =STDEVP(G13:L13)/AVERAGE(G13:L13) -> 0.20859719 | O13: =ROUND(AVERAGE(G13:L13),-2) -> 32800 | P13: =ROUND(MEDIAN(G13:L13),-2) -> 32100 | Q13: =ROUND(GEOMEAN(G13:L13),-2) -> 32200 | R13: =ROUND(HARMEAN(G13:L13),-2) -> 31500
B14: 4 | C14: Botas para Conector RJ45 UTP, capuchón, paquete x 100 | D14: Insumo Consumible de redes | E14: Paquete | F14: 1 | G14: 58310 | H14: 65450 | I14: 59500 | J14: =IF(Referencias!D7=0,"",Referencias!D7) -> 9850 | K14: =IF(Referencias!H7=0,"",Referencias!H7) -> 9700 | L14: =IF(Referencias!L7=0,"",Referencias!L7) -> 18800 | N14: =STDEVP(G14:L14)/AVERAGE(G14:L14) -> 0.66165814 | O14: =ROUND(AVERAGE(G14:L14),-2) -> 36900 | P14: =ROUND(MEDIAN(G14:L14),-2) -> 38600 | Q14: =ROUND(GEOMEAN(G14:L14),-2) -> 27200 | R14: =ROUND(HARMEAN(G14:L14),-2) -> 19500
B15: 5 | C15: Ponchadora o Crimpadora de precisión para cable de red UTP RJ45 (Cat. 6A/7) blindado. Compatible con conectores de diámetro grueso y con cavidad para cerrar el clip de puesta a tierra (grounding clamp) que abraza el cable. | D15: Insumo Consumible de redes | E15: Unidad | F15: 1 | G15: 590240 | H15: 714000 | I15: 595000 | J15: =IF(Referencias!D8=0,"",Referencias!D8) -> 195633 | K15: =IF(Referencias!H8=0,"",Referencias!H8) | L15: =IF(Referencias!L8=0,"",Referencias!L8) | N15: =STDEVP(G15:L15)/AVERAGE(G15:L15) -> 0.37386849 | O15: =ROUND(AVERAGE(G15:L15),-2) -> 523700 | P15: =ROUND(MEDIAN(G15:L15),-2) -> 592600 | Q15: =ROUND(GEOMEAN(G15:L15),-2) -> 470600 | R15: =ROUND(HARMEAN(G15:L15),-2) -> 404600
B16: 6 | C16: Kit de Herramientas para Electrónica (destornilladores de precisión, destornilladores relojeros, pinzas, alicates, llaves) | D16: Herramienta de Ensamblaje y Reparación | E16: Juego | F16: 1 | G16: 270130 | H16: 238000 | I16: 273700 | J16: =IF(Referencias!D9=0,"",Referencias!D9) -> 223000 | K16: =IF(Referencias!H9=0,"",Referencias!H9) -> 198000 | L16: =IF(Referencias!L9=0,"",Referencias!L9) -> 159936 | N16: =STDEVP(G16:L16)/AVERAGE(G16:L16) -> 0.17534547 | O16: =ROUND(AVERAGE(G16:L16),-2) -> 227100 | P16: =ROUND(MEDIAN(G16:L16),-2) -> 230500 | Q16: =ROUND(GEOMEAN(G16:L16),-2) -> 223400 | R16: =ROUND(HARMEAN(G16:L16),-2) -> 219400
B17: 7 | C17: Juego de llaves Allen y Torx | D17: Herramienta de Ensamblaje y Reparación | E17: Juego | F17: 1 | G17: 83300 | H17: 95200 | I17: 71400 | J17: =IF(Referencias!D10=0,"",Referencias!D10) -> 69900 | K17: =IF(Referencias!H10=0,"",Referencias!H10) -> 55800 | L17: =IF(Referencias!L10=0,"",Referencias!L10) -> 95800 | N17: =STDEVP(G17:L17)/AVERAGE(G17:L17) -> 0.18304011 | O17: =ROUND(AVERAGE(G17:L17),-2) -> 78600 | P17: =ROUND(MEDIAN(G17:L17),-2) -> 77400 | Q17: =ROUND(GEOMEAN(G17:L17),-2) -> 77200 | R17: =ROUND(HARMEAN(G17:L17),-2) -> 75800
B18: 8 | C18: Bayetilla de microfibra | D18: Insumo Consumible de Limpieza | E18: Unidad | F18: 51 | G18: 17850 | H18: 22610 | I18: 21420 | J18: =IF(Referencias!D11=0,"",Referencias!D11) -> 3800 | K18: =IF(Referencias!H11=0,"",Referencias!H11) -> 4500 | L18: =IF(Referencias!L11=0,"",Referencias!L11) | N18: =STDEVP(G18:L18)/AVERAGE(G18:L18) -> 0.58602902 | O18: =ROUND(AVERAGE(G18:L18),-2) -> 14000 | P18: =ROUND(MEDIAN(G18:L18),-2) -> 17900 | Q18: =ROUND(GEOMEAN(G18:L18),-2) -> 10800 | R18: =ROUND(HARMEAN(G18:L18),-2) -> 7900
B19: 9 | C19: Pasta térmica de alta calidad PTM7950, 80x80 | D19: Insumo Consumible de Mantenimiento | E19: Unidad | F19: 5 | G19: 81991 | H19: 70210 | I19: 83300 | J19: =IF(Referencias!D12=0,"",Referencias!D12) -> 103538.28 | K19: =IF(Referencias!H12=0,"",Referencias!H12) -> 75017 | L19: =IF(Referencias!L12=0,"",Referencias!L12) | N19: =STDEVP(G19:L19)/AVERAGE(G19:L19) -> 0.13769033 | O19: =ROUND(AVERAGE(G19:L19),-2) -> 82800 | P19: =ROUND(MEDIAN(G19:L19),-2) -> 82000 | Q19: =ROUND(GEOMEAN(G19:L19),-2) -> 82100 | R19: =ROUND(HARMEAN(G19:L19),-2) -> 81400
B20: 10 | C20: Pasta Térmica de Alto Rendimiento Arctic MX-7 4g para CPUs, GPUs, consolas, procesadores, tarjetas gráficas y notebooks. Alta conductividad, larga duración | D20: Insumo Consumible de Mantenimiento | E20: Unidad | F20: 20 | G20: 101150 | H20: 119000 | I20: 107100 | J20: =IF(Referencias!D13=0,"",Referencias!D13) -> 18000 | K20: =IF(Referencias!H13=0,"",Referencias!H13) -> 38119.35 | L20: =IF(Referencias!L13=0,"",Referencias!L13) | N20: =STDEVP(G20:L20)/AVERAGE(G20:L20) -> 0.52963128 | O20: =ROUND(AVERAGE(G20:L20),-2) -> 76700 | P20: =ROUND(MEDIAN(G20:L20),-2) -> 101200 | Q20: =ROUND(GEOMEAN(G20:L20),-2) -> 61600 | R20: =ROUND(HARMEAN(G20:L20),-2) -> 45700
B21: 11 | C21: Lubricantes para rodillos de impresora | D21: Insumo Consumible de Mantenimiento | E21: Unidad | F21: 2 | G21: 34510 | H21: 41650 | I21: 35700 | J21: =IF(Referencias!D14=0,"",Referencias!D14) -> 17400 | K21: =IF(Referencias!H14=0,"",Referencias!H14) -> 15403 | L21: =IF(Referencias!L14=0,"",Referencias!L14) | N21: =STDEVP(G21:L21)/AVERAGE(G21:L21) -> 0.36404246 | O21: =ROUND(AVERAGE(G21:L21),-2) -> 28900 | P21: =ROUND(MEDIAN(G21:L21),-2) -> 34500 | Q21: =ROUND(GEOMEAN(G21:L21),-2) -> 26800 | R21: =ROUND(HARMEAN(G21:L21),-2) -> 24600
B22: 12 | C22: Silicona 300ml. Para vinilo, caucho y plástico. Con alto brillo. Con filtro solar | D22: Insumo Consumible de Reparación | E22: Unidad | F22: 15 | G22: 46410 | H22: 53550 | I22: 47600 | J22: =IF(Referencias!D15=0,"",Referencias!D15) -> 24900 | K22: =IF(Referencias!H15=0,"",Referencias!H15) -> 28950 | L22: =IF(Referencias!L15=0,"",Referencias!L15) -> 26000 | N22: =STDEVP(G22:L22)/AVERAGE(G22:L22) -> 0.3050651 | O22: =ROUND(AVERAGE(G22:L22),-2) -> 37900 | P22: =ROUND(MEDIAN(G22:L22),-2) -> 37700 | Q22: =ROUND(GEOMEAN(G22:L22),-2) -> 36100 | R22: =ROUND(HARMEAN(G22:L22),-2) -> 34400
... B42: 32 | C42: Disco Duro sólido SSD 512 GB para portátil 2,5" | D42: Componente de Hardware | E42: Unidad | F42: 20 | G42: 333200 | H42: 368900 | I42: 357000 | J42: =IF(Referencias!D35=0,"",Referencias!D35) | K42: =IF(Referencias!H35=0,"",Referencias!H35) | L42: =IF(Referencias!L35=0,"",Referencias!L35) | N42: =STDEVP(G42:L42)/AVERAGE(G42:L42) -> 0.042041094 | O42: =ROUND(AVERAGE(G42:L42),-2) -> 353000 | P42: =ROUND(MEDIAN(G42:L42),-2) -> 357000 | Q42: =ROUND(GEOMEAN(G42:L42),-2) -> 352700 | R42: =ROUND(HARMEAN(G42:L42),-2) -> 352400
B43: 33 | C43: Tarjeta Convertidor Adaptador USB 3.0 a RJ45 Red LAN Gigabit | D43: Periféricos y Accesorios | E43: Unidad | F43: 5 | G43: 464100 | H43: 535500 | I43: 357000 | J43: =IF(Referencias!D37=0,"",Referencias!D37) | K43: =IF(Referencias!H37=0,"",Referencias!H37) | L43: =IF(Referencias!L37=0,"",Referencias!L37) | N43: =STDEVP(G43:L43)/AVERAGE(G43:L43) -> 0.16222142 | O43: =ROUND(AVERAGE(G43:L43),-2) -> 452200 | P43: =ROUND(MEDIAN(G43:L43),-2) -> 464100 | Q43: =ROUND(GEOMEAN(G43:L43),-2) -> 446000 | R43: =ROUND(HARMEAN(G43:L43),-2) -> 439700
B44: 34 | C44: Extensión Eléctrica 10 metros, uso industrial | D44: Energía | E44: Unidad | F44: 1 | G44: 148750 | H44: 107100 | I44: 119000 | J44: =IF(Referencias!D38=0,"",Referencias!D38) | K44: =IF(Referencias!H38=0,"",Referencias!H38) | L44: =IF(Referencias!L38=0,"",Referencias!L38) | N44: =STDEVP(G44:L44)/AVERAGE(G44:L44) -> 0.14018668 | O44: =ROUND(AVERAGE(G44:L44),-2) -> 125000 | P44: =ROUND(MEDIAN(G44:L44),-2) -> 119000 | Q44: =ROUND(GEOMEAN(G44:L44),-2) -> 123800 | R44: =ROUND(HARMEAN(G44:L44),-2) -> 122600
B45: 35 | C45: PC Todo en Uno de 23,8", procesador hasta 4.8 GHz, 32 GB RAM DDR5, 2 SODIMM, SSD 1 TB NVMe, Wi-Fi 6, Bluetooth 5.3, cámara y audio 5 MP, HDMI 1.4, Jack combo audio/micrófono, RJ-45, gráficos Intel UHD Graphics, Windows 11 preinstalado + teclado y mouse | D45: Equipamiento de Cómputo | E45: Unidad | F45: 3 | G45: 5926200 | H45: 6545000 | I45: 5950000 | J45: =IF(Referencias!D39=0,"",Referencias!D39) | K45: =IF(Referencias!H39=0,"",Referencias!H39) | L45: =IF(Referencias!L39=0,"",Referencias!L39) | N45: =STDEVP(G45:L45)/AVERAGE(G45:L45) -> 0.046619169 | O45: =ROUND(AVERAGE(G45:L45),-2) -> 6140400 | P45: =ROUND(MEDIAN(G45:L45),-2) -> 5950000 | Q45: =ROUND(GEOMEAN(G45:L45),-2) -> 6133900 | R45: =ROUND(HARMEAN(G45:L45),-2) -> 6127500
B46: 36 | C46: Memoria USB Flash Tipo A, capacidad 32 GB, velocidad 200 MB/s en lectura y 60 MB/s en escritura. Dimensiones 39 mm × 12,6 mm × 4,9 mm; peso 4 g; temperatura de servicio 0 °C~60 °C; almacenamiento -20 °C~85 °C. Compatible con Windows 11, 10, 8.1, 8, Mac OS 10.10.x+, Linux 2.6.x+ y Chrome OS | D46: Periféricos y Accesorios | E46: Unidad | F46: 8 | G46: 380800 | H46: 368900 | I46: 357000 | J46: =IF(Referencias!D40=0,"",Referencias!D40) | K46: =IF(Referencias!H40=0,"",Referencias!H40) | L46: =IF(Referencias!L40=0,"",Referencias!L40) | N46: =STDEVP(G46:L46)/AVERAGE(G46:L46) -> 0.026338599 | O46: =ROUND(AVERAGE(G46:L46),-2) -> 368900 | P46: =ROUND(MEDIAN(G46:L46),-2) -> 368900 | Q46: =ROUND(GEOMEAN(G46:L46),-2) -> 368800 | R46: =ROUND(HARMEAN(G46:L46),-2) -> 368600
B47: 37 | C47: Spray Limpiador Contactos Eléctricos 400 ml | D47: Insumo Consumible de Mantenimiento | E47: Unidad | F47: 8 | G47: 65450 | H47: 73780 | I47: 29750 | J47: =IF(Referencias!D41=0,"",Referencias!D41) | K47: =IF(Referencias!H41=0,"",Referencias!H41) | L47: =IF(Referencias!L41=0,"",Referencias!L41) | N47: =STDEVP(G47:L47)/AVERAGE(G47:L47) -> 0.33905361 | O47: =ROUND(AVERAGE(G47:L47),-2) -> 56300 | P47: =ROUND(MEDIAN(G47:L47),-2) -> 65500 | Q47: =ROUND(GEOMEAN(G47:L47),-2) -> 52400 | R47: =ROUND(HARMEAN(G47:L47),-2) -> 48000
B48: 38 | C48: Switch Inteligente Gigabit de 8 Puertos, velocidad 1000 Mbps por puerto | D48: Periféricos | E48: Unidad | F48: 2 | G48: 1118600 | H48: 1785000 | I48: 9520000 | J48: =IF(Referencias!D43=0,"",Referencias!D43) | K48: =IF(Referencias!H43=0,"",Referencias!H43) | L48: =IF(Referencias!L43=0,"",Referencias!L43) | N48: =STDEVP(G48:L48)/AVERAGE(G48:L48) -> 0.92077264 | O48: =ROUND(AVERAGE(G48:L48),-2) -> 4141200 | P48: =ROUND(MEDIAN(G48:L48),-2) -> 1785000 | Q48: =ROUND(GEOMEAN(G48:L48),-2) -> 2668800 | R48: =ROUND(HARMEAN(G48:L48),-2) -> 1924000
B49: 39 | C49: Adaptador JH DisplayPort a HDMI, macho-hembra, 4K, negro | D49: Periféricos | E49: Unidad | F49: 6 | G49: 190400 | H49: 238000 | I49: 154700 | J49: =IF(Referencias!D44=0,"",Referencias!D44) | K49: =IF(Referencias!H44=0,"",Referencias!H44) | L49: =IF(Referencias!L44=0,"",Referencias!L44) | N49: =STDEVP(G49:L49)/AVERAGE(G49:L49) -> 0.17555766 | O49: =ROUND(AVERAGE(G49:L49),-2) -> 194400 | P49: =ROUND(MEDIAN(G49:L49),-2) -> 190400 | Q49: =ROUND(GEOMEAN(G49:L49),-2) -> 191400 | R49: =ROUND(HARMEAN(G49:L49),-2) -> 188500
B50: 40 | C50: Cable UTP/FTP Cat 6A 9n6lw4-a5-01r1a, exterior, 305 m | D50: Periféricos | E50: Unidad | F50: 2 | G50: 2142000 | H50: 2380000 | I50: 2011100 | J50: =IF(Referencias!D45=0,"",Referencias!D45) | K50: =IF(Referencias!H45=0,"",Referencias!H45) | L50: =IF(Referencias!L45=0,"",Referencias!L45) | N50: =STDEVP(G50:L50)/AVERAGE(G50:L50) -> 0.07012159 | O50: =ROUND(AVERAGE(G50:L50),-2) -> 2177700 | P50: =ROUND(MEDIAN(G50:L50),-2) -> 2142000 | Q50: =ROUND(GEOMEAN(G50:L50),-2) -> 2172400 | R50: =ROUND(HARMEAN(G50:L50),-2) -> 2167200
B51: 41 | C51: Convertidor Multipuerto Hub Tipo C 8 en 1 | D51: Periféricos | E51: Unidad | F51: 10 | G51: 232050 | H51: 113050 | I51: 238000 | J51: =IF(Referencias!D46=0,"",Referencias!D46) | K51: =IF(Referencias!H46=0,"",Referencias!H46) | L51: =IF(Referencias!L46=0,"",Referencias!L46) | N51: =STDEVP(G51:L51)/AVERAGE(G51:L51) -> 0.29609425 | O51: =ROUND(AVERAGE(G51:L51),-2) -> 194400 | P51: =ROUND(MEDIAN(G51:L51),-2) -> 232100 | Q51: =ROUND(GEOMEAN(G51:L51),-2) -> 184100 | R51: =ROUND(HARMEAN(G51:L51),-2) -> 172800
B52: 42 | C52: Limpiavidrios Antiempañante, pistola de 1000 ml | D52: Insumo Consumible de Mantenimiento | E52: Unidad | F52: 15 | G52: 53550 | H52: 35700 | I52: 49980 | J52: =IF(Referencias!D47=0,"",Referencias!D47) | K52: =IF(Referencias!H47=0,"",Referencias!H47) | L52: =IF(Referencias!L47=0,"",Referencias!L47) | N52: =STDEVP(G52:L52)/AVERAGE(G52:L52) -> 0.16617284 | O52: =ROUND(AVERAGE(G52:L52),-2) -> 46400 | P52: =ROUND(MEDIAN(G52:L52),-2) -> 50000 | Q52: =ROUND(GEOMEAN(G52:L52),-2) -> 45700 | R52: =ROUND(HARMEAN(G52:L52),-2) -> 45000
B53: 43 | C53: Adaptador WiFi 5G USB 3.0, doble banda AC1300 Mbps, Bluetooth | D53: Periféricos y Accesorios | E53: Unidad | F53: 6 | G53: 113050 | H53: 214200 | I53: 238000 | J53: =IF(Referencias!D48=0,"",Referencias!D48) | K53: =IF(Referencias!H48=0,"",Referencias!H48) | L53: =IF(Referencias!L48=0,"",Referencias!L48) | N53: =STDEVP(G53:L53)/AVERAGE(G53:L53) -> 0.28750527 | O53: =ROUND(AVERAGE(G53:L53),-2) -> 188400 | P53: =ROUND(MEDIAN(G53:L53),-2) -> 214200 | Q53: =ROUND(GEOMEAN(G53:L53),-2) -> 179300 | R53: =ROUND(HARMEAN(G53:L53),-2) -> 169300
B54: 44 | C54: Regulador de Voltaje 1200 VA | D54: Energía | E54: Unidad | F54: 3 | G54: 113050 | H54: 148750 | I54: 238000 | J54: =IF(Referencias!D49=0,"",Referencias!D49) | K54: =IF(Referencias!H49=0,"",Referencias!H49) | L54: =IF(Referencias!L49=0,"",Referencias!L49) | N54: =STDEVP(G54:L54)/AVERAGE(G54:L54) -> 0.31542003 | O54: =ROUND(AVERAGE(G54:L54),-2) -> 166600 | P54: =ROUND(MEDIAN(G54:L54),-2) -> 148800 | Q54: =ROUND(GEOMEAN(G54:L54),-2) -> 158800 | R54: =ROUND(HARMEAN(G54:L54),-2) -> 151700
B55: Total | G55: =SUMPRODUCT(G11:G54,$F$11:$F$54) -> 89348175 | H55: =SUMPRODUCT(H11:H54,$F$11:$F$54) -> 95905670 | I55: =SUMPRODUCT(I11:I54,$F$11:$F$54) -> 108067470 | J55: =SUMPRODUCT(J11:J54,$F$11:$F$54) -> 3689982.4 | K55: =SUMPRODUCT(K11:K54,$F$11:$F$54) -> 4765208 | L55: =SUMPRODUCT(L11:L54,$F$11:$F$54) -> 3849316 | O55: =SUMPRODUCT(O11:O54,$F$11:$F$54) -> 96701100 | P55: =SUMPRODUCT(P11:P54,$F$11:$F$54) -> 92412000 | Q55: =SUMPRODUCT(Q11:Q54,$F$11:$F$54) -> 92513700 | R55: =SUMPRODUCT(R11:R54,$F$11:$F$54) -> 89779600
D58: Metodo | E58: Presupuesto
D59: Promedio | E59: =O55 -> 96701100
D60: Mediana | E60: =P55 -> 92412000
D61: Media Geometrica | E61: =Q55 -> 92513700
D62: Media Armonica | E62: =R55 -> 89779600

Sheet Referencias
B3: Descripción (De acuerdo con lo requerido en la ficha técnica) | D3: Muestra 1 | E3: Vendedor | F3: Enlace 1 | G3: Consulta 1 | H3: Muestra 2 | I3: Vendedor | J3: Enlace 2 | K3: Consulta 2 | L3: Muestra 3 | M3: Vendedor | N3: Enlace 3 | O3: Consulta 3
B4: Probador de Red compatible con Blindaje (LAN Tester) | C4: Herramienta de Diagnóstico y Medición | D4: 89900 | E4: Steren | F4: https://www.steren.com.co/probador-de-cables-de-red-utp-ftp-stp-poe-y-telefonico.html | G4: 46273 | H4: 142000 | I4: TuVoltio | J4: https://tuvoltio.com/products/probador-red-rj11-12-45-energenizado-poe-proskit-mt-7063 | K4: 46273 | L4: 39900 | M4: Steren | N4: https://www.steren.com.co/probador-de-cables-de-red-utp-ftp-stp-y-telefonicos.html | O4: 46273
B5: Conector macho de red Plug RJ45 UTP categoría 6A/7 blindado | C5: Insumo Consumible de redes | D5: =504900/100 -> 5049 | E5: IPTEC SAS | F5: https://www.mercadolibre.com.co/conector-red-plug-rj45-futp-categoria-6a7-blindado-x-100/up/MCOU2431563329 | G5: 46273 | H5: 15454 | I5: Coltienda | J5: https://www.coltienda.co/products/164474 | K5: 46273 | L5: 16561 | M5: JFM Technology | N5: https://www.jfmtechnology.com/producto/plug-modular-rj45-linkedpro-lpkj6a17s-blindado-cat6a-sin-blindado-lpkj6a17s/ | O5: 46273
B6: Jack (conector hembra) RJ45 categoría 6A/7 blindado | C6: Insumo Consumible de redes | D6: =252384/10 -> 25238.4 | E6: IPTEC SAS | F6: https://www.mercadolibre.com.co/jack-rj45-keystone-cat-6a-certificado-blindado-metalico-x-10/up/MCOU2432141099 | G6: 46273 | H6: 26294 | I6: IPTEC SAS | J6: https://www.mercadolibre.com.co/jack-rj45-keystone-cat-7--cat-6a-blindado-metalico/up/MCOU3485284260 | K6: 46273 | L6: 45500 | M6: Soporte Tecnologico | N6: https://www.mercadolibre.com.co/jack-rj45-slx-amp-commscope-cat-6a-blindado/up/MCOU2425202955 | O6: 46273
B7: Botas para Conector RJ45 UTP, capuchón, paquete x 100 | C7: Insumo Consumible de redes | D7: =9850 -> 9850 | E7: WG Ingenieria | F7: https://articulo.mercadolibre.com.co/MCO-567825124-botas-para-conector-rj45-utp-capuchon-paquete-x-100-unidades-_JM?attributes=COLOR:R3Jpcw==&picker=true | G7: 46273 | H7: 9700 | I7: MaxiVentas Medellin | J7: https://www.mercadolibre.com.co/botas-para-conector-rj45-utp-capuchon-paquete-x-100-unidades/up/MCOU2431764265 | K7: 46273 | L7: 18800 | M7: VCP | N7: https://www.mercadolibre.com.co/bota-protectora-conector-cable-utp-rj45-cat-5e-negro-x-100/p/MCO47866394 | O7: 46273
B8: Ponchadora o Crimpadora de precisión para cable de red UTP RJ45 (Cat. 6A/7) blindado. Compatible con conectores de diámetro grueso y con cavidad para cerrar el clip de puesta a tierra (grounding clamp) que abraza el cable. | C8: Insumo Consumible de redes | D8: 195633 | E8: CO20260125163948 | F8: https://www.mercadolibre.com.co/ampcom-crimpadora-rj45-un-paso-cat6a7-blindado/p/MCO2075582312 | G8: 46273
B9: Kit de Herramientas para Electrónica (destornilladores de precisión, destornilladores relojeros, pinzas, alicates, llaves) | C9: Herramienta de Ensamblaje y Reparación | D9: 223000 | E9: Julpin | F9: https://www.julpin.com.co/inicio/kits-de-herramienta/51-kit-de-herramienta-electronica-zd-902.html | G9: 46273 | H9: 198000 | I9: OSAKA | J9: https://osakaelectronicsltda.com/herramienta/kit-herramienta/kit-de-herramienta-para-electronica-zd-902.html | K9: 46273 | L9: 159936 | M9: Virtronika | N9: https://virtronika.com/ver-producto/242/zd-902--juego-de-herramienta-electronica | O9: 46273
B10: Juego de llaves Allen y Torx | C10: Herramienta de Ensamblaje y Reparación | D10: 69900 | E10: TuFerreteria | F10: https://www.mercadolibre.com.co/juego-de-18-llaves-bristol-milimetricas-y-torx-con-estuche/up/MCOU2888929731 | G10: 46273 | H10: 55800 | I10: CHG Comercializadora | J10: https://www.mercadolibre.com.co/llaves-bristol-y-torx-largas-set-x-18-piezas-tipo-l/up/MCOU5098983482 | K10: 46273 | L10: 95800 | M10: Gentools | N10: https://gentools.com.co/products/juego-de-llaves-torx-largas-t-10-a-t-50-aln-tx-tx-9lgrz-groz?variant=50965553119545&country=CO&currency=COP&utm_medium=product_sync&utm_source=google&utm_content=sag_organic&utm_campaign=sag_organic&srsltid=AfmBOor0LuOK1gd82GJ-OxgigBBPungQOOE5nfLRJxCUf3g0T_LwARNdEm0 | O10: 46273
B11: Bayetilla de microfibra | C11: Insumo Consumible de Limpieza | D11: 3800 | E11: Multiclean | F11: https://mail.multiclean.com.co/linea-productos/hogar/ | G11: 46273 | H11: 4500 | I11: La Red Electronica | J11: https://laredelectronica.com/producto/bayetilla-microfibra/ | K11: 46273
B12: Pasta térmica de alta calidad PTM7950, 80x80 | C12: Insumo Consumible de Mantenimiento | D12: 103538.28 | E12: Mr Sales Alot | F12: https://www.ebay.com/itm/178202661594?chn=ps&mkevt=1&mkcid=28 | G12: 46273 | H12: 75017 | I12: JOYJOM - Amazon | J12: https://www.amazon.com/-/es/Almohadilla-Disipador-80x80x0-25mm-Conductiva-Silicona/dp/B0BX42N9SZ/ref=sr_1_1?__mk_es_US=%C3%85M%C3%85%C5%BD%C3%95%C3%91&crid=2V9GTQWW022WY&dib=eyJ2IjoiMSJ9.__8Xdag5t67ZPWOTkRVXq5JxFNB4xGdKuoO7Z18AgvCQ_s6KsrxDVPUokqX-mzLiGWBuUwyIfmRDcs0P5UnJgudZgSlqtwTJpfuK-ykGwPjJ-7DnmymLJDy1qc3UdTIaJdQaOX_psdp2ST4M-HGF1tm6_RqomrIIYezYHMKe8y_-MrhZmERt77Ovwf_zVEci.Vc_jowP_mYSsfxObFZ0GBXbbVznZe3kUHthDdsbbQzQ&dib_tag=se&keywords=PTM7950%2C+80x80&qid=1788887650&sprefix=ptm7950%2C+80x80%2Caps%2C168&sr=8-1 | K12: 46273
B13: Pasta Térmica de Alto Rendimiento Arctic MX-7 4g para CPUs, GPUs, consolas, procesadores, tarjetas gráficas y notebooks. Alta conductividad, larga duración | C13: Insumo Consumible de Mantenimiento | D13: 18000 | E13: CometWare | F13: https://cometware.com/tienda/arctic-mx-7-4g/ | G13: 46273 | H13: 38119.35 | I13: Artic Oficial Store | J13: https://www.ebay.com/itm/358022417674 | K13: 46273
B14: Lubricantes para rodillos de impresora | C14: Insumo Consumible de Mantenimiento | D14: 17400 | E14: Wirtec | F14: https://wirtec.com.co/producto/sw-92sa-grasa-sintetica-para-rodamientos-aceite-lubricante-para-samsung-hp-canon-y-epson/ | G14: 46273 | H14: 15403 | I14: Casa Nova | J14: https://www.mercadolibre.com.co/grasa-de-alta-viscosidad-para-engranajes-de-plastico-para-im/p/MCO2096100241 | K14: 46273
B15: Silicona 300ml. Para vinilo, caucho y plástico. Con alto brillo. Con filtro solar | C15: Insumo Consumible de Reparación | D15: 24900 | E15: HomeCenter | F15: https://www.homecenter.com.co/homecenter-co/product/105949/silicona-protector-uv3-citrus-300-ml-simoniz/105949/ | G15: 46273 | H15: 28950 | I15: HomeSentry | J15: https://www.homesentry.co/silicona-simoniz-protector-uv3-300-ml-fresa-103264-06633/p | K15: 46273 | L15: 26000 | M15: TC Motos Racin | N15: https://tcmotosracing.com/producto/silicona-simoniz-uv3-300ml/ | O15: 46273
B16: Cargador De Batería Recargable, con cuatro puertos 4 pilas AA, 4 pilas AAA y dos puertos 9V (Cuadradra) | C16: Insumo Consumible de Mantenimiento
B17: Pilas recargables AA de 1.5v, minimo 4.800 mAh | C17: Insumo Consumible de Mantenimiento | D17: 52113 | E17: Mercado Clicks | F17: https://www.mercadolibre.com.co/baterias-recargables-aa-15v-x4-tipo-c-4800-mwh/p/MCO2070023960 | G17: 46273 | H17: 59900 | I17: Falabella | J17: https://www.falabella.com.co/falabella-co/product/148495138/Baterias-Recargables-Aa-1.5v-X4-Tipo-C-4800-Mwh/148495139 | K17: 46273
B18: Pilas recargables AAA minimo 700 mAh | C18: Insumo Consumible de Mantenimiento
B19: Organizador en Espiral para Cables 1,2 cm de ancho × 100 metros | C19: Insumo para Gestión de Cableado
B20: Cables HDMI 5 metros | C20: Componente de Conectividad
B21: Disco sólido de referencia WD PC 740 NVMe, generación 4x4 M.2, capacidad de 1 TB | C21: Componente de Hardware
B22: Memoria RAM para portátil: 32 GB 2Rx8 PC4-3200AA-SE1-11 | C22: Componente de Hardware
B23: Memoria RAM para PC: 16 GB, velocidad 3200 | C23: Componente de Hardware
B24: Memoria RAM para portátil: 16 GB 2Rx8 PC4-3200AA-SE1-11 | C24: Componente de Hardware
B25: Mini Destornillador Eléctrico De Precisión con 50 brocas de precisión hexagonales S2 de 5/32 pulgadas, Características especiales: Luz LED, Punta magnética, celda de batería: Ión de Litio, cargador tipo C | C25: Herramienta de Ensamblaje y Reparación
B26: Monitor de 24" IPS Full HD, alta calidad, nitidez y contraste, frecuencia de 144 Hz, diseño sin bordes, sRGB 99%, color negro, con adaptador de corriente, cable HDMI y DisplayPort | C26: Equipamiento de TI
B27: Kit de mantenimiento Impresora Lexmark CX725, que incluya unidad fusora, transfer roller, pickup roller, separation roller y feed roller | C27: Insumo de Impresión
B28: Kit de mantenimiento Impresora OKI, modelo MPS5501b, que incluya unidad fusora, transfer roller, pickup roller, separation roller y feed roller | C28: Insumo de Impresión
B29: UPS con capacidad de 1000 VA/500 W y voltaje de 120 V. Seis salidas de protección para computador y periféricos, regulación automática de voltaje (AVR), protección contra sobretensión, sobrecarga y descarga eléctrica de voltaje, tecnología MOV, filtros de potencia, protección para línea de datos, alarma audible e interruptor de reposición automático | C29: Equipo de Protección Eléctrica
... B49: Regulador de Voltaje 1200 VA | C49: Energía
